 Dungeon Crawl Stone Soup version 0.26-a0-971-g1d9d62bb61 (webtiles) character file.

Game seed: 3248691520132330164

12 siradein the Grave Robber (level 2, 0/20 HPs)
             Began as a Ghoul Necromancer on Dec 4, 2020.
             Killed from afar by a dart slug (7 damage)
             ... with a slug dart
             ... on level 1 of the Dungeon.
             The game lasted 00:01:53 (736 turns).

siradein the Grave Robber (Ghoul Necromancer)        Turns: 736, Time: 00:01:53

Health: 0/20       AC:  2    Str: 11    XL:     2   Next: 33%
Magic:  0/3        EV:  9    Int: 10    God:
Gold:   9          SH:  6    Dex:  9    Spells: 3/4 levels left

rFire    . . .     SeeInvis .   e - +0 whip
rCold    + . .     Faith    .   b - +0 kite shield (curse)
rNeg     + + +     Spirit   .   a - +0 robe
rPois    ∞         Reflect  .   (no helmet)
rElec    .         Harm     .   (no cloak)
rCorr    .         Rampage  .   (no gloves)
MR       .....                  (no boots)
Stlth    ++........             (no amulet)
HPRegen  0.00/turn              (no ring)
MPRegen  0.08/turn              (no ring)

@: no status effects
A: rotting body, claws 1, cold resistance 1, negative energy resistance 3,
inhibited regeneration, torment resistance, unbreathing
a: no special abilities


You were on level 1 of the Dungeon.
You visited 1 branch of the dungeon, and saw 1 of its levels.

You collected 9 gold pieces.

Inventory:

Hand Weapons
 e - a +0 whip (weapon)
Armour
 a - a +0 robe (worn)
 b - a cursed +0 kite shield (worn)
Potions
 d - a potion of degeneration {unknown}


   Skills:
 * Level 1.2 Maces & Flails
 - Level 1.7 Dodging
 - Level 2.1 Stealth
 - Level 1.7 Spellcasting
 + Level 4.2 Necromancy


You had 3 spell levels left.
You knew the following spells:

 Your Spells              Type           Power        Failure   Level
a - Pain                  Necr           #...         36%         1

Your spell library contained the following spells:

 Spells                   Type           Power        Failure   Level
 Animate Skeleton         Necr           #.....       36%         1
 Vampiric Draining        Necr           #.........   75%         3
 Animate Dead             Necr           #.........   98%         4
 Agony                    Necr           #.......     100%        5


Dungeon Overview and Level Annotations

Branches:
Dungeon (1/15)

Altars:


Innate Abilities, Weirdness & Mutations

Your body is rotting away.
You thrive by killing the living.
You are immune to poison.
You have sharp fingernails.
Your flesh is cold resistant. (rC+)
You are immune to negative energy. (rN+++)
You do not regenerate when monsters are visible.
You are immune to unholy pain and torment.
You can survive without breathing.


Message History

You block the bat's attack.
Casting: Pain (safe; 36% risk of failure)
Confirm with . or Enter, or press ? or * to list all spells.
Aiming: Pain (safe; 36% risk of failure)
Press: ? - help, Shift-Dir - straight line, f/p - bat
Aim: a bat (moderately wounded, chance to defeat MR: 76%)
The bat writhes in agony.
You kill the bat!
The dart slug launches a dart at you. The slug dart hits you.
The dart slug launches a dart at you. The slug dart hits you.
You hit the dart slug.
The dart slug is heavily wounded.
The dart slug bites you.
You hit the dart slug.
The dart slug is almost dead.
The dart slug launches a dart at you. The slug dart hits you!
You die...

#.######.##..##
#......#.##..##
#########......#.##.†..
................>##....
.#####.......†...)....
. #.#...........(.. ...
#.##........#####
.....#####.#######...#
.........@w# #...#
....######.# ######## .
#'# ##8.8## ... #......
....# #...... ......
##..8... #...)...
#8...... #.......
#<...... ####....#
#8......


You could see a dart slug.

Vanquished Creatures
  A giant cockroach (D:1)
  3 goblins (D:1)
  5 bats (D:1)
  A kobold (D:1)
  2 rats (D:1)
12 creatures vanquished.

Notes
Turn   | Place    | Note
-------+----------+-------------------------------------------
     0 | D:1      | siradein the Ghoul Necromancer began the quest for the Orb.
     0 | D:1      | Reached XP level 1. HP: 14/14 MP: 2/2
   609 | D:1      | Reached XP level 2. HP: 20/20 MP: 1/3
   644 | D:1      | Reached skill level 1 in Maces & Flails
   736 | D:1      | Killed from afar by a dart slug

Illustrated notes

Levels and vault maps discovered:
D:1:      mrwooster_arrival_statue_3, layout_basic

Skill      XL: |  1  2 |
---------------+-------+-----
Maces & Flails | 1 |  1.2
Dodging        | |  1.7
Stealth        | |  2.1
Spellcasting   | |  1.7
Necromancy     | |  4.2

Action                   || total
-------------------------++-------
Melee: Club              ||    23
       Unarmed           ||     2
       Whip              ||    13
 Cast: Pain              ||    10
Armor: Robe              ||    14
Dodge: Dodged            ||    15
Block: Kite shield       ||    15

Table legend: (Time is in decaauts)
 A = Elapsed time spent in this place.
 B = Non-inter-level travel time spent in this place.
 C = Inter-level travel time spent in this place.
 D = Time resting spent in this place.
 E = Time spent auto-exploring this place.
 F = Levels seen in this place.
 G = Mean time per level.
                   A        B        C        D        E       F      G
               +--------+--------+--------+--------+--------+-----+--------+
         Total |    746 |    746 |      0 |      0 |    626 |   1 |  746.0 |
       Dungeon |    746 |    746 |      0 |      0 |    626 |   1 |  746.0 |
               +--------+--------+--------+--------+--------+-----+--------+

Top non-repeatable levels by time:
     D:1: 746 daAuts
